 Dungeon Crawl Stone Soup version 0.24.0-37-gcf1ca852f1 (webtiles) character file.

Game seed: 16709198060717584398, levelgen mode: deterministic

57 Dookie the Insei (level 3, -1/28 HPs)
             Began as a Demigod Transmuter on Nov 23, 2019.
             Slain by an adder (4 damage)
             ... on level 2 of the Dungeon.
             The game lasted 00:18:53 (1624 turns).

Dookie the Insei (Demigod Transmuter)               Turns: 1624, Time: 00:18:54

Health: -1/28      AC:  3    Str: 15    XL:     3   Next: 50%
Magic:  8/9        EV: 12    Int: 17    God:
Gold:   50         SH:  0    Dex: 16    Spells: 5/6 levels left

rFire    . . .     SeeInvis .   m - +0 short sword
rCold    . . .     Gourm    .   (no shield)
rNeg     . . .     Faith    .   b - +0 robe
rPois    .         Spirit   .   (no helmet)
rElec    .         Reflect  .   (no cloak)
rCorr    .         Harm     .   (no gloves)
MR       .....                  e - +0 pair of boots
Stlth    ++........             (no amulet)
HPRegen  0.09/turn              (no ring)
MPRegen  0.11/turn              (no ring)

@: lethally poisoned (-1 -> -3), appendage
A: horns 2, high mp 1
a: End Transformation


You were on level 2 of the Dungeon.
You were not hungry.
You had grown temporary horns.
You visited 1 branch of the dungeon, and saw 2 of its levels.

You collected 50 gold pieces.

Inventory:

Hand Weapons
 c - a +0 club
 h - a +0 club
 m - a +0 short sword (weapon)
Missiles
 a - 40 arrows
Armour
 b - a +0 robe (worn)
 e - a +0 pair of boots (worn)
 o - a +0 plate armour
 r - a +0 chain mail
Jewellery
 g - a +3 ring of intelligence {unknown}
Scrolls
 i - 4 scrolls of identify {unknown}
 j - 3 scrolls of fear {unknown}
 l - 2 scrolls of enchant armour {unknown}
 p - a scroll of remove curse {unknown}
Potions
 f - a potion of might {unknown}
 k - a potion of mutation {unknown}
 n - a potion of berserk rage {unknown}
 q - 2 potions of curing {unknown}
Comestibles
 d - 3 rations


   Skills:
 + Level 1.0 Fighting
 + Level 0.2 Short Blades
 + Level 0.2 Armour
 + Level 1.9 Dodging
 + Level 0.2 Stealth
 + Level 3.1 Unarmed Combat
 + Level 2.4 Spellcasting
 + Level 2.3 Transmutations


You had 5 spell levels left.
You knew the following spells:

 Your Spells              Type           Power        Failure   Level  Hunger
a - Beastly Appendage     Tmut           #.....       7%          1    #......

Your spell library contained the following spells:

 Spells                   Type           Power        Failure   Level  Hunger
 Sticks to Snakes         Tmut           #.......     11%         2    ##.....
 Spider Form              Tmut/Pois      #.........   34%         3    ###....
 Ice Form                 Ice/Tmut       #.......     75%         4    #####..
 Blade Hands              Tmut           #.........   89%         5    ######.


Dungeon Overview and Level Annotations

Branches:
Dungeon (2/15)


Innate Abilities, Weirdness & Mutations

You have an increased reservoir of magic. (+10% MP)
You have a pair of horns on your head.


Message History

Found a glowing pink potion and a scroll labeled QIXAMP QUECRACO.
You see here 19 stones.
Casting: Beastly Appendage (safe; 7% risk of failure)
Confirm with . or Enter, or press ? or * to list all spells.
You grow a pair of large bovine horns.
The adder bites you.
You are poisoned.
The adder poisons you!
You barely miss the adder.
You feel sick. The adder closely misses you. The adder bites you.
You closely miss the adder. You headbutt the adder.
The adder is moderately wounded.
The adder bites you.
* * * LOW HITPOINT WARNING * * *
You closely miss the adder.
The adder is moderately wounded.
* * * LOW HITPOINT WARNING * * *
You feel sick.
The adder bites you but does no damage. x2
* * * LOW HITPOINT WARNING * * *
You feel sick. The adder bites you.
You die...

.## .#
##........ ..#
.# #..#......
#.##### .# ##(.#
..... #.....#
##.# #...# ....
#####.## #..
##.#.......!
#..######.#
#..##.......
##..)..##.##
#.## #......
#####.....####g#
.....
##.....@S..#
#...#
#.######..# #..#
#.# ##.# #.# #.#
#.........# #..
............#
#.##
##..........#
..#
........#####
.## ?###.#### .


You could see an adder and a goblin.

Vanquished Creatures
  Terence (D:2)
  An ooze (D:1)
  4 bats
  2 giant cockroaches
  6 goblins (D:1)
  3 hobgoblins (D:1)
  2 frilled lizards (D:1)
  4 kobolds (D:1)
  3 rats (D:1)
26 creatures vanquished.

Notes
Turn   | Place    | Note
-------+----------+-------------------------------------------
     0 | D:1      | Dookie the Demigod Transmuter began the quest for the Orb.
     0 | D:1      | Reached XP level 1. HP: 15/15 MP: 5/5
   560 | D:1      | Reached XP level 2. HP: 22/22 MP: 5/7
   607 | D:1      | Reached skill level 3 in Unarmed Combat
   910 | D:1      | Reached skill level 1 in Fighting
  1494 | D:2      | Noticed Terence
  1561 | D:2      | Killed Terence
  1561 | D:2      | Reached XP level 3. HP: 11/28 MP: 7/9
  1624 | D:2      | Slain by an adder

Levels and vault maps discovered:
D:1:      mrwooster_arrival_arrow, layout_loops_ring
D:2:      layout_rooms, uniq_terence

Skill      XL: |  1  2 |
---------------+-------+-----
Spellcasting   | 2 |  2.4
Unarmed Combat | 3 |  3.1
Transmutations | 2 |  2.3
Fighting       | 1 |  1.0
Short Blades   | |  0.2
Armour         | |  0.2
Dodging        | |  1.9
Stealth        | |  0.2

Action                   || total
-------------------------++-------
Melee: Unarmed           ||    77
       Headbutt          ||     8
       Kick              ||     2
       Punch             ||     3
       Short sword       ||    51
 Cast: Beastly Appendage ||    20
 Stab: Sleeping          ||     1
  Eat: Ration            ||     1
Armor: Robe              ||     9
       Plate armour      ||    51
Dodge: Dodged            ||    42
